 Dungeon Crawl Stone Soup version 0.20.0-7-g3b7b877 (webtiles) character file.

23802 Chiseanne the Distorting Dwarf (level 12, -3/118 HPs)
             Began as a Deep Dwarf Abyssal Knight on May 29, 2017.
             Was a Believer of Lugonu.
             Slain by a tengu warrior
             ... wielding a +0 great sword
              (4 damage)
             ... on level 15 of the Dungeon.
             The game lasted 00:46:32 (14138 turns).

Chiseanne the Distorting Dwarf (DDAK)              Turns: 14138, Time: 00:46:32

Health: -3/118     AC: 24    Str: 17    XL:     12   Next: 75%
Magic:  9/9        EV: 21    Int: 14    God:    Lugonu [**....]
Gold:   1276       SH:  0    Dex: 20    Spells: 11/11 levels left

rFire    + . .     SeeInvis .   a - +1 hand axe (elec)
rCold    . . .     Gourm    .   (no shield)
rNeg     . . .     Faith    .   x - +0 acid dragon scales
rPois    +         Spirit   .   b - +2 helmet
rElec    .         Reflect  .   r - +2 cloak {rPois}
rCorr    +         Harm     .   G - +0 pair of gloves
MR       +....                  E - +2 pair of boots of the Hall of Blades {+Blink rF+ Regen+}
Stlth    ++........             (no amulet)
Regen    0.0/turn               O - +3 ring of protection
MPRegen  0.2/turn               H - ring of magical power

@: agile, non-regenerating
A: damage resistance, heal wounds, sense surroundings 2, no regeneration
a: Heal Wounds, Depart the Abyss, Bend Space, Renounce Religion, Evoke Blink


You were on level 15 of the Dungeon.
You worshipped Lugonu.
Lugonu was pleased with you.
You were hungry.

You visited 1 branch of the dungeon, and saw 15 of its levels.
You visited the Abyss 1 time.
You also visited: Sewer.

You collected 1276 gold pieces.

Inventory:

Hand Weapons
 a - a +1 hand axe of electrocution (weapon)
 s - a +2 flail of crushing
 z - a cursed -1 long sword
Missiles
 e - a throwing net {!*}
 g - 372 stones
 j - 66 poisoned needles
 l - 66 sling bullets
 o - 294 arrows
 B - 84 bolts
 F - 3 steel tomahawks (quivered)
 J - 2 javelins
 L - 3 poisoned tomahawks
 S - 19 tomahawks
 V - 3 tomahawks of returning
Armour
 b - a +2 helmet (worn)
 p - a +0 shield
 r - a +2 cloak of poison resistance (worn)
 x - +0 acid dragon scales (worn)
 E - the +2 pair of boots of the Hall of Blades (worn) {+Blink rF+ Regen+}
   (You acquired it on level 7 of the Dungeon)

   It protects you from fire.
   It lets you blink.
   It increases your rate of regeneration.
 G - a +0 pair of gloves (worn)
Jewellery
 h - an uncursed ring of resist corrosion
 i - an uncursed ring of see invisible {unknown}
 v - the ring "Igubb" {*Drain rF+ rN+++ Str-3 Dex+10}
   (You found it on level 15 of the Dungeon)

   [ring of protection from fire]

   It affects your strength (-3).
   It affects your dexterity (+10).
   It protects you from fire.
   It renders you almost immune to negative energy.
   It causes draining when unequipped.
 y - an uncursed ring of protection from fire
 H - a ring of magical power (right hand)
 O - a +3 ring of protection (left hand)
Wands
 w - a wand of paralysis (2/24)
 N - a wand of disintegration (4/24)
Scrolls
 q - 2 scrolls of fear
 t - a scroll of fog
 u - a scroll of amnesia
 A - 3 scrolls of recharging
 I - 4 scrolls of magic mapping
 P - 8 scrolls of teleportation
 Q - 4 scrolls of immolation
 R - a scroll of holy word
 T - 3 scrolls of identify
 U - 5 scrolls of remove curse
Potions
 f - 5 potions of flight
 k - 4 potions of brilliance
 D - a potion of agility
Comestibles
 c - 10 bread rations
 d - 10 royal jellies
 m - 8 fruits
 n - 8 meat rations


   Skills:
 - Level 10.7 Fighting
 - Level 6.0 Axes
 - Level 12.3 Armour
 - Level 5.7 Dodging
 * Level 15.9 Invocations


You had 11 spell levels left.
You didn't know any spells.

Dungeon Overview and Level Annotations

Branches:
Dungeon (15/15)            Temple (0/1) D:5            Lair (0/6) D:10
    Orc (0/2) D:12
 Vaults: D:13-14     Depths: D:15

Altars:
Fedhas
Hepliaklqana
Kikubaaqudgha
Nemelex Xobeh
Okawaru
Qazlal
Sif Muna
Trog

Shops:
D:12 (

Annotations:
D:5 nano's ghost, novice SpIE
Abyss:1 Erolcha; Maurice; Prince Ribbit; Psyche


Innate Abilities, Weirdness & Mutations

You are resistant to damage.
You can heal yourself by infusing magical energy.
You passively map the area around you.
You do not regenerate.


Message History

The tengu warrior pecks you but does no damage.
The tengu warrior misses you.
Your tengu warrior hits the tengu warrior with a great sword.
Your tengu warrior completely misses the tengu warrior.
Your tengu warrior closely misses the tengu warrior.
You barely miss the tengu warrior.
The tengu warrior is severely wounded.
You barely miss the tengu warrior.
The tengu warrior is severely wounded.
The tengu warrior closely misses you.
The tengu warrior pecks you but does no damage.
The tengu warrior completely misses you.
Your tengu warrior hits the tengu warrior with a great sword!
Your tengu warrior pecks the tengu warrior but does no damage.
Your tengu warrior claws the tengu warrior but does no damage.
You hit the tengu warrior but do no damage.
The tengu warrior is severely wounded.
Your tengu warrior shimmers and vanishes!
The tengu warrior barely misses you. The tengu warrior pecks you.
You die...

#.................
#)................
#.................
#....##.##..###...
#....##.##..###...
#.......#.........
#.......#.........
#.......#.........
#@......#.........
#Q##########.####'
*... ##.####.
#.... * ........
#..... *, ........
#...... ,,
........ #......#,
........ #......#
, ........ * ,
........


You could see a tengu warrior.

Vanquished Creatures
  A centaur warrior (D:13)
  A wizard (D:14)
  A necromancer (D:13)
  Pikel (D:4)
  A manticore (D:11)
  A rime drake (D:11)
  3 trolls
  2 polar bears
  9 slime creatures (D:13)
  2 hippogriffs (D:10)
  2 centaur simulacra (D:11)
  A shadow (D:13)
  6 yaks (D:11)
  Sigmund (D:4)
  5 wyverns
  2 basilisks (D:10)
  9 humans (D:14)
  A steam dragon (D:11)
  Menkaure (D:4)
  An acid dragon (D:10)
  2 water moccasins
  Duvessa (D:5)
  A sky beast (D:4)
  2 eyes of draining
  3 orc warriors
  8 ice beasts
  A black bear (D:11)
  3 boggarts (D:14)
  4 ogres
  A necrophage (D:7)
  3 phantoms
  A wolf (D:11)
  5 centaurs
  2 crocodiles
  2 big kobolds
  11 bullfrogs
  A gnoll sergeant (D:10)
  Dowan (D:5)
  A wyvern skeleton (D:14)
  5 scorpions
  4 killer bees (D:12)
  A howler monkey (D:9)
  5 wights (D:7)
  4 electric eels (D:6)
  3 crimson imps
  A wyvern simulacrum (D:11)
  3 jellies
  2 quasits
  2 bullfrog skeletons
  4 centaur skeletons
  4 orc wizards
  5 hounds
  6 orc priests
  An iguana (D:10)
  11 worker ants
  2 hound skeletons
  A howler monkey zombie (D:5)
  A worker ant zombie (D:11)
  15 gnolls
  12 adders
  3 white imps
  A worker ant simulacrum (D:11)
  7 oozes
  2 adder skeletons
  9 worms
  The ghost of Minion the Sneak, a weakling FoAs (D:14)
  6 leopard geckos
  74 orcs
  5 giant cockroaches
  3 goblins
  7 hobgoblins
  6 jackals
  5 quokkas
  2 ball pythons
  12 bats
  6 frilled lizards
  14 kobolds
  A quokka skeleton (D:5)
  7 rats
367 creatures vanquished.

Vanquished Creatures (others)
  2 hydras
  An ice dragon (D:11)
  2 vault guards
  5 two-headed ogres
  An unseen horror (D:10)
  2 ugly things
  2 cyclopes
  A manticore (D:12)
  A troll (D:14)
  A hornet (D:10)
  A wolf spider simulacrum (D:12)
  A slime creature (D:13)
  A centaur simulacrum (D:14)
  A vampire (D:12)
  A wraith (D:14)
  A hungry ghost (D:11)
  2 orc warriors
  An ice beast (D:12)
  An ogre (D:14)
  A water moccasin skeleton (D:6)
  Ijyb (D:5)
30 creatures vanquished.

Grand Total: 397 creatures vanquished

Notes
Turn   | Place    | Note
-------+----------+-------------------------------------------
     0 | Abyss:1  | Chiseanne the Deep Dwarf Abyssal Knight began the quest for the Orb.
     0 | Abyss:1  | Reached XP level 1. HP: 20/20 MP: 2/2
    50 | Abyss:1  | Noticed a large abomination
    61 | Abyss:1  | Noticed a thrashing horror
    64 | D:1      | Escaped the Abyss
   244 | D:1      | Reached * piety under Lugonu
   316 | D:1      | Reached XP level 2. HP: 18/27 MP: 2/2
   789 | D:2      | Reached XP level 3. HP: 34/34 MP: 3/3
   870 | D:2      | Reached skill level 3 in Invocations
   894 | D:2      | Found an ancient bone altar of Kikubaaqudgha.
   913 | D:2      | Found a blossoming altar of Fedhas.
  1243 | D:2      | Found a faded altar of an unknown god.
  1379 | D:2      | Reached XP level 4. HP: 26/42 MP: 4/4
  1738 | D:3      | Found a bloodstained altar of Trog.
  1773 | D:3      | Found a glowing drain.
  1814 | Sewer    | Entered a sewer
  1818 | Sewer    | Reached ** piety under Lugonu
  2141 | Sewer    | Reached XP level 5. HP: 35/50 MP: 5/5
  2228 | Sewer    | Reached skill level 4 in Invocations
  2479 | D:3      | Found a stormy altar of Qazlal.
  2938 | D:4      | Noticed Pikel
  2938 | D:4      | Noticed a slave
  2938 | D:4      | Noticed a slave
  2938 | D:4      | Noticed a slave
  2939 | D:4      | Noticed a slave
  3008 | D:4      | Killed Pikel
  3008 | D:4      | Reached skill level 5 in Fighting
  3008 | D:4      | Reached skill level 5 in Armour
  3008 | D:4      | Reached skill level 6 in Invocations
  3008 | D:4      | Reached XP level 6. HP: 34/61 MP: 4/6
  3008 | D:4      | Reached XP level 7. HP: 37/67 MP: 4/7
  3230 | D:4      | Reached *** piety under Lugonu
  3383 | D:4      | Noticed Sigmund
  3397 | D:4      | Killed Sigmund
  3497 | D:4      | Noticed Menkaure
  3512 | D:4      | Killed Menkaure
  3512 | D:4      | Reached skill level 7 in Invocations
  3512 | D:4      | Reached XP level 8. HP: 31/75 MP: 7/7
  3579 | D:5      | Entered Level 5 of the Dungeon
  3629 | D:5      | Noticed nano's ghost (novice SpIE)
  3712 | D:5      | Found a staircase to the Ecumenical Temple.
  3964 | D:5      | Noticed Duvessa
  3965 | D:5      | Noticed Dowan
  3983 | D:5      | Killed Duvessa
  3990 | D:5      | Killed Dowan
  4160 | D:5      | Noticed Ijyb
  4168 | D:5      | Killed Ijyb
  4742 | D:6      | Reached skill level 8 in Invocations
  5346 | D:6      | Found a deep blue altar of Sif Muna.
  5497 | D:7      | Identified a scroll of acquirement
  5498 | D:7      | Got a pair of heavily runed boots
  5504 | D:7      | Identified the +2 pair of boots of the Hall of Blades {+Blink rF+ Regen+} (You acquired it on level 7 of the Dungeon)
  5810 | D:7      | Reached skill level 9 in Invocations
  5810 | D:7      | Gained mutation: You passively map the area around you. [Deep Dwarf growth]
  5810 | D:7      | Reached XP level 9. HP: 38/85 MP: 8/8
  6042 | D:7      | Found an iron altar of Okawaru.
  6046 | D:7      | Found a sparkling altar of Nemelex Xobeh.
  6236 | D:7      | Reached skill level 10 in Invocations
  6834 | D:8      | Found a hazy altar of Hepliaklqana.
  7249 | D:8      | Noticed Psyche
  7250 | D:8      | Banished Psyche
  7501 | D:8      | Noticed Prince Ribbit
  7505 | D:8      | Banished Prince Ribbit
  7681 | D:9      | Noticed a five-headed hydra
  7683 | D:9      | Banished a five-headed hydra
  7683 | D:9      | Reached XP level 10. HP: 93/96 MP: 10/10
  7695 | D:9      | Reached skill level 11 in Invocations
  8756 | D:10     | Entered Level 10 of the Dungeon
  8817 | D:10     | Reached **** piety under Lugonu
  8872 | D:10     | Reached skill level 10 in Armour
  9213 | D:10     | Banished an unseen horror
  9471 | D:10     | Reached skill level 12 in Invocations
  9746 | D:10     | Found a staircase to the Lair.
 10107 | D:11     | Reached XP level 11. HP: 72/106 MP: 9/9
 10292 | D:11     | Got a warped pewter ring
 10296 | D:11     | Identified the ring "Cirphymag" {Wiz rF- rC- Dex+5} (You found it on level 11 of the Dungeon)
 10357 | D:11     | Noticed a two-headed ogre
 10359 | D:11     | Banished a two-headed ogre
 10440 | D:11     | Reached skill level 13 in Invocations
 10533 | D:11     | Noticed a two-headed ogre
 10534 | D:11     | Banished a two-headed ogre
 10572 | D:11     | Reached skill level 10 in Fighting
 10751 | D:11     | Noticed an ice dragon
 10812 | D:11     | Banished an ice dragon
 10917 | D:11     | Noticed a brown ugly thing
 10918 | D:11     | Banished a brown ugly thing
 11098 | D:12     | HP: 5/110 [troll (2)]
 11383 | D:12     | Found a staircase to the Orcish Mines.
 11659 | D:12     | Reached skill level 14 in Invocations
 11867 | D:12     | Noticed a two-headed ogre
 11867 | D:12     | Banished a two-headed ogre
 11947 | D:12     | Found Syheqyon's Weapon Emporium.
 12068 | D:13     | Noticed Erolcha
 12069 | D:13     | Banished Erolcha
 12073 | D:13     | Noticed a two-headed ogre
 12073 | D:13     | Banished a two-headed ogre
 12073 | D:13     | Reached XP level 12. HP: 109/118 MP: 2/2
 12249 | D:13     | Noticed Maurice
 12250 | D:13     | Banished Maurice
 12289 | D:13     | Noticed a two-headed ogre
 12295 | D:13     | Banished a two-headed ogre
 12684 | D:13     | Noticed a centaur warrior
 12798 | D:13     | Killed a centaur warrior
 12992 | D:13     | Reached skill level 5 in Axes
 13282 | D:14     | Noticed Minion's ghost (weakling FoAs)
 13289 | D:14     | Killed Minion's ghost
 13330 | D:14     | Noticed a vault guard
 13332 | D:14     | Reached skill level 5 in Dodging
 13333 | D:14     | Noticed an eight-headed hydra
 13352 | D:13     | Reached skill level 15 in Invocations
 13363 | D:13     | Banished a vault guard
 13442 | D:13     | Banished an eight-headed hydra
 13589 | D:14     | Noticed a vault guard
 13596 | D:14     | Banished a vault guard
 13741 | D:14     | HP: 5/118 [crocodile (7)]
 13812 | D:14     | Noticed a two-headed ogre
 13829 | D:14     | Banished a two-headed ogre
 13982 | D:15     | Entered Level 15 of the Dungeon
 14026 | D:15     | Got a wavering amber ring
 14027 | D:15     | Identified the ring "Igubb" {*Drain rF+ rN+++ Str-3 Dex+10} (You found it on level 15 of the Dungeon)
 14058 | D:15     | Noticed a fire dragon
 14058 | D:15     | Noticed an ice dragon
 14130 | D:15     | Noticed a tengu warrior
 14135 | D:15     | HP: 1/118 [tengu warrior/great sword (4)]
 14138 | D:15     | Slain by a tengu warrior

Skill      XL: |  1  2  3  4  5  6  7  8  9 10 11 12 |
---------------+-------------------------------------+-----
Fighting       | 3 5 6 8 9 10 | 10.7
Armour         | 3 5 6 7 9 10 12 | 12.3
Invocations    | 3 6 7 9 10 12 14 15 | 15.9
Dodging        | 2 5 |  5.7
Axes           | 6 |  6.0

Action                   |  1- 3 |  4- 6 |  7- 9 | 10-12 || total
-------------------------+-------+-------+-------+-------++-------
Melee: Hand axe          |   135 |   326 |   495 |   256 ||  1212
       War axe           |       |       |    77 |   210 ||   287
       Flail             |       |       |       |   546 ||   546
Throw: Tomahawk          |       |       |    16 |    13 ||    29
       Javelin           |       |       |     3 |    11 ||    14
       Stone             |       |       |     2 |       ||     2
       Throwing net      |       |       |       |     1 ||     1
Invok: Depart the Abyss  |     1 |       |       |       ||     1
       Banish            |       |       |     6 |    37 ||    43
       Bend Space        |       |       |     3 |       ||     3
 Abil: Heal Wounds       |     2 |     4 |    38 |    52 ||    96
Evoke: Wand              |       |       |    25 |     6 ||    31
       Phantom mirror    |       |       |       |     1 ||     1
  Use: Scroll            |    10 |     6 |    11 |    10 ||    37
       Potion            |       |     5 |       |    11 ||    16
 Stab: Invisible         |       |     3 |       |       ||     3
  Eat: Chunk             |     1 |     7 |    18 |    31 ||    57
       Fruit             |       |       |       |     3 ||     3
Armor: Leather armour    |    19 |       |       |       ||    19
       Plate armour      |    65 |   279 |   625 |   104 ||  1073
       Chain mail        |       |       |       |   250 ||   250
       Acid dragon scale |       |       |       |   711 ||   711
Dodge: Dodged            |    56 |   100 |   181 |   888 ||  1225
